 Dungeon Crawl Stone Soup version 0.22-a0-351-g29664b4 (webtiles) character file.

4390 scanevaro the Basher (level 10, -10/98 HPs)
             Began as a Troll Fighter on Apr 14, 2018.
             Was a Believer of Trog.
             Mangled by wevryn's ghost (19 damage)
             ... on level 10 of the Dungeon.
             The game lasted 00:41:30 (8147 turns).

scanevaro the Basher (Troll Fighter)                Turns: 8147, Time: 00:41:30

Health: -10/98     AC:  8    Str: 28    XL:     10   Next: 13%
Magic:  9/9        EV: 12    Int:  6    God:    Trog [**....]
Gold:   522        SH:  4    Dex: 10    Spells: 9/9 levels left

rFire    x . .     SeeInvis .   n - +2 giant club
rCold    + . .     Gourm    +   (shield currently unavailable)
rNeg     . . .     Faith    .   b - +2 robe
rPois    .         Spirit   .   (helmet restricted)
rElec    .         Reflect  +   s - +0 cloak
rCorr    .         Harm     .   (gloves unavailable)
MR       +....                  (boots unavailable)
Stlth    +.........             z - +4 amulet of reflection
HPRegen  0.66/turn              e - ring of protection from magic
MPRegen  0.11/turn              h - ring of ice

@: no status effects
A: large, unfitting armour, claws 3, talons 1, clever 1, fast metabolism 3,
gourmand, regeneration 1, shaggy fur 1, tough skin 2, subdued magic 1
a: Berserk, Trog's Hand, Renounce Religion


You were on level 10 of the Dungeon.
You worshipped Trog.
Trog was pleased with you.
You were very full.

You visited 1 branch of the dungeon, and saw 10 of its levels.

You collected 522 gold pieces.

Inventory:

Hand Weapons
 n - a +2 giant club (weapon)
 r - a +3 quarterstaff of chaos
Armour
 b - a +2 robe (worn)
 c - a +1 shield
 s - a +0 cloak (worn)
Jewellery
 e - a ring of protection from magic (left claw)
 h - a ring of ice (right claw)
 m - an uncursed amulet of magic regeneration
 w - an uncursed amulet of faith
 z - a +4 amulet of reflection (around neck)
Wands
 a - a wand of flame (35)
 y - a wand of polymorph (8)
Scrolls
 i - a scroll of identify
 k - 2 scrolls of magic mapping
 o - 3 scrolls of teleportation
 p - 6 scrolls of remove curse
 q - a scroll of blinking
 v - a scroll of holy word
 x - a scroll of fog
Potions
 d - 3 potions of might
 g - 2 potions of brilliance
 j - a potion of flight
 l - 2 potions of curing
 u - 2 potions of haste
Comestibles
 f - 23 rations


   Skills:
 + Level 6.1 Fighting
 + Level 8.2(9.3) Maces & Flails
 - Level 6.1(7.8) Staves
 + Level 5.7 Dodging
 - Level 1.0 Stealth
 - Level 2.4 Shields


You had 9 spell levels left.
You didn't know any spells.

Dungeon Overview and Level Annotations

Branches:
Dungeon (10/15)            Temple (0/1) D:6
   Lair: D:8-11         Orc: D:9-12

Altars:
Cheibriados
Elyvilon
Fedhas
Kikubaaqudgha
Qazlal
Ru
Sif Muna
Trog
Vehumet

Shops:
D:6 =

Annotations:
D:10 wevryn's ghost, journeyman TrFi


Innate Abilities, Weirdness & Mutations

You are too large for most types of armour.
You have claws for hands.
Your metabolism is lightning-fast.
You like to eat raw meat.
Your natural rate of healing is unusually fast.
You are covered in fur. (AC +1)
You have very tough skin. (AC +2)
You have sharp toenails.
Your mind is acute. (Int +2)
Your spells are a little easier to cast, but a little less powerful.


Message History

You start resting.
HP restored.
You climb downwards.
Level annotation: wevryn's ghost, journeyman TrFi Wevryn's ghost hits you!
There is a stone staircase leading up, spattered with blood here.
You closely miss wevryn's ghost. Your kick misses wevryn's ghost.
Wevryn's ghost hits you!!
You hit wevryn's ghost. Your kick misses wevryn's ghost.
Wevryn's ghost is lightly damaged.
Wevryn's ghost hits you!!
You are too injured to fight recklessly!
You are too injured to fight recklessly!
You are too injured to fight recklessly!
You sock wevryn's ghost!
Wevryn's ghost is lightly damaged.
Wevryn's ghost hits you!!
* * * LOW HITPOINT WARNING * * *
Wevryn's ghost hits you!!
You die...

..# ....
.....#####
#...W@.#####
####.#.....#
#....##....
####.# #.#
#(### .#
#)()###.#
###†#..$#
##########
#...#
#..<.....#
##..#


You could see wevryn's ghost.

Vanquished Creatures
  The ghost of strifetoe the Grappler, a novice DrTm of Cheibriados (D:8)
  A hippogriff (D:9)
  A hungry ghost (D:6)
  2 black bears
  An orc warrior (D:9)
  A sky beast (D:9)
  An ice beast (D:7)
  A necrophage (D:7)
  4 phantoms
  A centaur (D:6)
  6 ogres
  A big kobold (D:10)
  5 bullfrogs
  A scorpion (D:9)
  4 howler monkeys
  4 centaur zombies
  2 bullfrog zombies
  4 crimson imps
  2 orc priests (D:8)
  4 hounds
  Crazy Yiuf (D:5)
  3 centaur skeletons
  A bullfrog skeleton (D:4)
  4 iguanas
  9 orc wizards
  6 worker ants
  2 hound zombies
  A hound skeleton (D:5)
  10 gnolls
  4 adders
  3 shadow imps
  2 adder zombies
  4 worms
  A dart slug (D:1)
  A leopard gecko (D:4)
  20 orcs
  8 bats
  2 giant cockroaches
  4 goblins
  5 hobgoblins
  19 jackals
  13 kobolds
  4 quokkas
  3 ball pythons
  7 frilled lizards
  A jackal skeleton (D:7)
  A jackal zombie (D:7)
  7 rats
193 creatures vanquished.

Notes
Turn   | Place    | Note
-------+----------+-------------------------------------------
     0 | D:1      | scanevaro the Troll Fighter began the quest for the Orb.
     0 | D:1      | Reached XP level 1. HP: 22/22 MP: 0/0
   274 | D:1      | Reached skill level 2 in Maces & Flails
   277 | D:1      | Reached XP level 2. HP: 29/29 MP: 1/1
   650 | D:2      | Reached XP level 3. HP: 36/36 MP: 2/2
   862 | D:2      | Reached XP level 4. HP: 16/44 MP: 3/3
  1087 | D:2      | Reached skill level 3 in Maces & Flails
  1920 | D:3      | Reached XP level 5. HP: 50/52 MP: 4/4
  2757 | D:4      | Found a blossoming altar of Fedhas.
  2780 | D:4      | Found an ancient bone altar of Kikubaaqudgha.
  2831 | D:4      | Reached skill level 4 in Maces & Flails
  3033 | D:4      | Found a deep blue altar of Sif Muna.
  3422 | D:4      | Reached XP level 6. HP: 60/61 MP: 5/5
  3575 | D:4      | Gained mutation: Your mind is acute. (Int +2) [potion of mutation]
  3575 | D:4      | Gained mutation: Your spells are a little easier to cast, but a little less powerful. [potion of mutation]
  3575 | D:4      | Gained mutation: You have sharp toenails. [potion of mutation]
  3705 | D:4      | Noticed a moth of wrath
  3708 | D:4      | Found a bloodstained altar of Trog.
  3894 | D:4      | Became a worshipper of Trog the Wrathful
  3982 | D:4      | Reached skill level 5 in Maces & Flails
  4020 | D:5      | Entered Level 5 of the Dungeon
  4052 | D:5      | Reached XP level 7. HP: 54/67 MP: 6/6
  4189 | D:5      | Found a runed door.
  4212 | D:5      | Found a sacrificial altar of Ru.
  4215 | D:5      | Found a stormy altar of Qazlal.
  4430 | D:5      | Reached skill level 6 in Maces & Flails
  4502 | D:5      | Found a snail-covered altar of Cheibriados.
  4681 | D:5      | Reached * piety under Trog
  4878 | D:5      | Noticed Crazy Yiuf
  4883 | D:5      | Killed Crazy Yiuf
  4944 | D:6      | Found Raxtehed's Jewellery Shop.
  4968 | D:6      | Reached XP level 8. HP: 73/78 MP: 7/7
  5020 | D:6      | Reached skill level 7 in Maces & Flails
  5074 | D:6      | Reached skill level 1 in Staves
  5367 | D:6      | Found a staircase to the Ecumenical Temple.
  6014 | D:7      | Reached ** piety under Trog
  6014 | D:7      | Reached XP level 9. HP: 82/86 MP: 8/8
  6086 | D:7      | Reached skill level 1 in Stealth
  6320 | D:8      | Reached skill level 5 in Fighting
  6404 | D:8      | Noticed strifetoe's ghost (novice DrTm)
  6443 | D:8      | HP: 1/87 [strifetoe's ghost (14)]
  6459 | D:8      | HP: 3/87 [strifetoe's ghost (8)]
  6505 | D:8      | Killed strifetoe's ghost
  6505 | D:8      | Reached skill level 5 in Staves
  7094 | D:8      | Reached skill level 5 in Dodging
  7265 | D:9      | Found a white marble altar of Elyvilon.
  7274 | D:9      | Reached *** piety under Trog
  7339 | D:10     | Entered Level 10 of the Dungeon
  7519 | D:9      | Reached XP level 10. HP: 64/98 MP: 9/9
  7607 | D:9      | Reached skill level 8 in Maces & Flails
  7779 | D:9      | Found a radiant altar of Vehumet.
  7984 | D:10     | Noticed wevryn's ghost (journeyman TrFi)
  7999 | D:10     | HP: 3/98 [wevryn's ghost (24)]
  8147 | D:10     | Mangled by wevryn's ghost

Vault maps used:
D:1:      onia_arrival_mini_maze_b
D:2:      chequers_big_river, kennysheep_generic_room_13
D:4:      tgw_trog, lemuel_doored_altar, fedhas_altar_3,
          kiku_gazebo_pond_becter, minivault_14
D:5:      nicolae_overflow_hidden_temple, first_ration, uniq_crazy_yiuf_cottage
D:6:      lemuel_temple_firewalk_a, serial_shops, shop
D:8:      grunt_ogre_cave
D:9:      kennysheep_mini, elyvilon_altar_5
D:10:     wad_pebble_path, orc_0_dummy, st_stairs_1, uniq_nergalle

Skill      XL: |  1  2  3  4  5  6  7  8  9 10 |
---------------+-------------------------------+-----
Maces & Flails | 2 3 4 5 6 7 8 |  8.2
Dodging        | 3 4 5 |  5.7
Fighting       | 3 4 5 6 |  6.1
Staves         | 4 6 |  6.1
Stealth        | 1 |  1.0
Shields        | |  2.4

Action                   |  1- 3 |  4- 6 |  7- 9 | 10-12 || total
-------------------------+-------+-------+-------+-------++-------
Melee: Flail             |   142 |   179 |       |       ||   321
       Mace              |       |    81 |       |       ||    81
       Giant club        |       |    35 |   138 |    56 ||   229
       Kick              |       |    10 |    84 |    19 ||   113
       Quarterstaff      |       |       |   177 |       ||   177
  Use: Potion            |     3 |     4 |     2 |       ||     9
       Scroll            |     2 |     4 |     9 |     1 ||    16
 Stab: Sleeping          |       |       |     3 |       ||     3
  Eat: Chunk             |     8 |    28 |    45 |     5 ||    86
       Ration            |       |       |     1 |       ||     1
Armor: Robe              |    80 |   126 |   133 |    19 ||   358
Dodge: Dodged            |    82 |   119 |   180 |    35 ||   416
Block: Shield            |    99 |   133 |       |       ||   232
       Other             |       |       |       |     8 ||     8
       Reflection        |       |       |       |     2 ||     2

Table legend:
 A = Spawn XP
 B = Non-spawn XP
 C = Spawn XP percentage of total XP
 D = Spawn monster count
 E = Non-spawn monster count
 F = Spawn count percentage of total count
 G = Total turns spent on level
                    A         B        C        D         E        F      G
               +---------+---------+-------+---------+---------+-------+---------
         Total |       0 |    6272 |   0.0 |       0 |     193 |   0.0 |  8147
               +---------+---------+-------+---------+---------+-------+---------
           D:1 |       0 |      19 |   0.0 |       0 |      11 |   0.0 |   554
           D:2 |       0 |     117 |   0.0 |       0 |      32 |   0.0 |   998
           D:3 |       0 |      69 |   0.0 |       0 |      19 |   0.0 |  1160
           D:4 |       0 |     454 |   0.0 |       0 |      22 |   0.0 |  1308
           D:5 |       0 |     716 |   0.0 |       0 |      23 |   0.0 |   910
           D:6 |       0 |     596 |   0.0 |       0 |      11 |   0.0 |   718
           D:7 |       0 |    1160 |   0.0 |       0 |      17 |   0.0 |   733
           D:8 |       0 |    1415 |   0.0 |       0 |      22 |   0.0 |   837
           D:9 |       0 |    1530 |   0.0 |       0 |      26 |   0.0 |   773
          D:10 |       0 |     196 |   0.0 |       0 |      10 |   0.0 |   156
               +---------+---------+-------+---------+---------+-------+---------
